 Dungeon Crawl Stone Soup version 0.29-a0-334-gb41bcbb86e (webtiles) character file.

Game seed: 17312235402714670492

0 spaghetti the Magician (level 1, 0/15 HPs)
             Began as a Djinni Summoner on Apr 14, 2022.
             Frozen to death by an endoplasm (4 damage)
             ... on level 1 of the Dungeon.
             The game lasted 00:00:34 (226 turns).

spaghetti the Magician (Djinni Summoner)             Turns: 226, Time: 00:00:34

Health: 0/15       AC:  2    Str:  7    XL:     1   Next: 11%
Gold:   0          EV: 12    Int: 16    God:
                   SH:  0    Dex: 13

rFire   + + .      SeeInvis .   (no weapon)
rCold   x . .      Faith    .   (no shield)
rNeg    . . .      Spirit   .   a - +0 robe
rPois   ∞          Reflect  .   (no helmet)
rElec   .          Harm     .   (no cloak)
rCorr   .          Rampage  .   (no gloves)
Will    .....                   (boots unavailable)
Stlth   ++........              (no amulet)
HPRegen 0.05/turn               (no ring)
MPRegen 0.00/turn               (no ring)

@: flying
A: sickness immunity, fire resistance 2, cold vulnerability 1, float, innate
caster, HP casting, extra vitality 1
a: no special abilities


You were on level 1 of the Dungeon.
You visited 1 branch of the dungeon, and saw 1 of its levels.


Innate Abilities, Weirdness & Mutations

You are immune to sickness and miasma.
You are immune to poison.
Your flesh is very heat resistant. (rF++)
You are vulnerable to cold. (rC-)
You float through the air rather than walking.
You learn spells naturally, not from books.
Your magical power is your life essence.
You have superior vitality. (+4 MHP)


   Skills:
 + Level 0.2 Fighting
 - Level 2.1 Dodging
 - Level 1.5 Stealth
 - Level 3.2 Spellcasting


You couldn't memorise any spells.
You knew the following spells:

 Your Spells              Type           Power      Damage    Failure   Level
a - Summon Small Mammal   Summ           52%        N/A       4%          1
b - Call Imp              Summ           13%        N/A       7%          2
c - Call Canine Familiar  Summ           13%        N/A       14%         3
d - Summon Guardian Gole  Hex/Summ       13%        N/A       14%         3
e - Summon Lightning Spi  Summ/Air       13%        N/A       43%         4
Your spell library was empty.

Inventory:

Armour
 a - a +0 robe (worn)
Potions
 b - a potion of heal wounds {unknown}

Dungeon Overview and Level Annotations

Branches:
Dungeon (1/15)

Altars:
....♣♣♣P.##..♣♣♣♣P♣♣♣♣ ...P♣P..###.....♣♣♣.## ...♣PP.## #..........## ..P♣..P #####.......# . PP♣PP.#

#.......# ...
P...##
#...b...##.....
...#
##........?.#
##.#
##.gb..####.#
#.@J....#
#.......#
#.......#
##.....##
##...## #####


You could see an endoplasm, a hobgoblin (ally target) and 2 friendly bats.


Message History

😕 HP[-1]
You take 1 damage, and now have 13/15 hp.
What are your orders? t - Shout!
Orders for allies: a - Attack new target. p - Attack previous target. r - Retreat! s - Stop attacking. g - Guard the area. f - Follow me.
Anything else - Cancel.
Gang up on whom?
Press: ? - help, Dir - move target, f/p - hobgoblin
Aim: a hobgoblin (lightly wounded, ally target) Attack!
Your bat closely misses the hobgoblin.
Your bat hits the endoplasm.
Your rat bites the hobgoblin.
The endoplasm hits your rat but does no damage.
The hobgoblin closely misses your rat.
Your bat barely misses the endoplasm.
Your rat bites the hobgoblin but does no damage.
The endoplasm closely misses your rat. The hobgoblin misses your rat.
Your bat hits the endoplasm.
Your rat barely misses the hobgoblin.
The hobgoblin barely misses your rat. The endoplasm barely misses your rat.
Your bat hits the endoplasm but does no damage.
Your rat barely misses the hobgoblin.
The hobgoblin closely misses your rat. The endoplasm hits your rat.
Your bat disappears in a puff of smoke!
Your rat barely misses the endoplasm.
The endoplasm hits your rat.
Your rat dies!
Your rat's corpse disappears in a puff of smoke!
Okay, then.
Casting: Summon Small Mammal (safe; 4% risk of failure)
Confirm with . or Enter, or press ? or * to list all spells.
The hobgoblin barely misses you. 😕 HP[-1]
You take 1 damage, and now have 12/15 hp.
Casting: Summon Small Mammal (safe; 4% risk of failure)
Confirm with . or Enter, or press ? or * to list all spells.
Your bat misses the hobgoblin.
Your bat closely misses the hobgoblin.
The endoplasm hits you. The hobgoblin closely misses you.
Your bat hits the hobgoblin but does no damage. 😮 HP[-2]
You take 2 damage, and now have 10/15 hp.
You closely miss the hobgoblin.
Your bat closely misses the hobgoblin.
Your bat hits the hobgoblin. The endoplasm freezes you.
You are frozen.
You feel a terrible chill!
* * * LOW HITPOINT WARNING * * *
The hobgoblin hits you.
* * * LOW HITPOINT WARNING * * *
Your bat hits the hobgoblin but does no damage. 😨 HP[-4]
You take 4 damage, and now have 6/15 hp.
MASSIVE DAMAGE!! (PAUSE)
Your bat barely misses the hobgoblin.
Your bat hits the hobgoblin but does no damage.
The hobgoblin hits you.
* * * LOW HITPOINT WARNING * * *
😨 HP[-2]
You take 2 damage, and now have 4/15 hp.
Unknown command.
Your bat hits the hobgoblin but does no damage. x2
Your bat misses the hobgoblin.
Your bat barely misses the endoplasm.
The endoplasm completely misses your bat. 😨 HP[+1] Unknown command.
You hit the hobgoblin.
Your bat closely misses the hobgoblin.
Your bat barely misses the hobgoblin.
The hobgoblin closely misses you.
You hit the hobgoblin but do no damage.
Your bat hits the endoplasm but does no damage.
Your bat barely misses the endoplasm.
Your bat closely misses the hobgoblin.
The endoplasm barely misses you. The hobgoblin hits you.
* * * LOW HITPOINT WARNING * * *
😨 HP[-1]
You take 1 damage, and now have 4/15 hp.
Unknown command.
Unknown command.
The endoplasm attacks as you move away!
The endoplasm hits you but does no damage.
Your bat barely misses the hobgoblin.
Your bat closely misses the hobgoblin.
The hobgoblin closely misses you.
Unknown command.
You barely miss the hobgoblin.
Your bat hits the hobgoblin but does no damage.
Your bat barely misses the hobgoblin.
Your bat closely misses the hobgoblin.
The endoplasm barely misses you. The hobgoblin barely misses you.
Unknown command.
You hit the hobgoblin but do no damage. Your bat hits the endoplasm.
Your bat barely misses the hobgoblin.
Your bat closely misses the hobgoblin.
The endoplasm barely misses you.
The hobgoblin hits you but does no damage.
Unknown command.
You barely miss the hobgoblin.
Your bat closely misses the hobgoblin.
Your bat hits the hobgoblin. The endoplasm closely misses you.
The hobgoblin misses you.
Unknown command.
You hit the hobgoblin.
Your bat barely misses the hobgoblin.
Your bat closely misses the hobgoblin. x2; The hobgoblin barely misses you.
The endoplasm freezes you.
You are frozen.
You feel a terrible chill!
You die...

Action                   || total
-------------------------++-------
Melee: Unarmed           ||     7
 Cast: Summon Small Mamm ||     9
Armor: Robe              ||     2
Dodge: Dodged            ||    11

Levels and vault maps discovered:
D:1:      nagdon_arrival_double_spiral, layout_rooms, serial_forest,
          infiniplex_forest_join, infiniplex_forest_split,
          infiniplex_forest_lined_room_, infiniplex_forest_end_1,
          infiniplex_forest_clump_diagonal, minmay_gold_behind_fungi

Notes
Turn   | Place    | Note
-------+----------+-------------------------------------------
     0 | D:1      | spaghetti the Djinni Summoner began the quest for the Orb.
     0 | D:1      | Reached XP level 1. HP: 15/15 MP: 0/0
     0 | D:1      | magus.rc [v1.9.6]
   226 | D:1      | Frozen to death by an endoplasm

Vanquished Creatures (collateral kills)
  A frilled lizard (D:1)
1 creature vanquished.

Vanquished Creatures (others)
  A fungus (D:1)
1 creature vanquished.

Grand Total: 2 creatures vanquished

Table legend:
 A = Non-vault XP
 B = Vault XP
 C = Vault XP percentage of total XP
 D = Non-vault monster count
 E = Vault monster count
 F = Vault count percentage of total count
                 A         B        C        D         E       F
            +---------+---------+-------+---------+---------+-------
      Total |       1 |       0 |   0.0 |       1 |       0 |   0.0
            +---------+---------+-------+---------+---------+-------
        D:1 |       1 |       0 |   0.0 |       1 |       0 |   0.0
            +---------+---------+-------+---------+---------+-------

Illustrated notes

Table legend:
 A = Kills in this place as a percentage of kills in entire the game.
 B = Kills by you in this place as a percentage of kills by you in the entire game.
 C = Kills by friends in this place as a percentage of kills by friends in the entire game.
 D = Other kills in this place as a percentage of other kills in the entire game.
 E = Experience gained in this place as a percentage of experience gained in the entire game.
 F = Experience gained in this place divided by the number of levels of this place that you have seen.
                   A       B       C       D       E      F
               +-------+-------+-------+-------+-------+----------------------
         Total | 100.0 |   N/A | 100.0 |   N/A | 100.0 |   1.0
       Dungeon | 100.0 |   N/A | 100.0 |   N/A | 100.0 |   1.0
               +-------+-------+-------+-------+-------+----------------------

Table legend: (Time is in decaauts)
 A = Elapsed time spent in this place.
 B = Non-inter-level travel time spent in this place.
 C = Inter-level travel time spent in this place.
 D = Time resting spent in this place.
 E = Time spent auto-exploring this place.
 F = Levels seen in this place.
 G = Mean time per level.
                   A        B        C        D        E       F      G
               +--------+--------+--------+--------+--------+-----+--------+
         Total |    226 |    226 |      0 |     14 |    150 |   1 |  226.0 |
       Dungeon |    226 |    226 |      0 |     14 |    150 |   1 |  226.0 |
               +--------+--------+--------+--------+--------+-----+--------+

Top non-repeatable levels by time:
     D:1: 226 daAuts
